Map: Lerilak Crest

Players

iNcontroLRC (INcontroL)

  • Race: Terran Terran

Kantuva - Winner!

  • Race: Zerg Zerg

VOD

Have the link to the VOD?

Description

Time

  • Played on: April 1, 2015, 3:07 a.m.
  • Length: 10:31
Show
View Real Time Build Order
Export as new Build Order

iNcontroLRC Terran 

Build Orders: Reaper Expand 

Get SALT Encoding   

  12  0:01  SCV  
  13  0:13  SCV  
  14  0:24  Supply Depot  
  14  0:25  SCV  
  15  0:31  Refinery  
  15  0:45  SCV  
  15  0:47  Barracks  
  16  0:58  SCV  
  17  1:10  SCV  
  18  1:11  Supply Depot  
  18  1:22  SCV  
  19  1:34  Reaper  
  19  1:35  Orbital Command  
  20  1:52  Command Center  
  20  2:00  SCV  
  21  2:12  SCV  
  21  2:13  Factory  
  22  2:16  Reaper  
  23  2:25  SCV  
  23  2:28  Supply Depot  
  25  2:37  SCV  
  25  2:41  Refinery  
  24  3:08  Hellion  
  26  3:25  Orbital Command  
  26  3:29  Command Center, Hellion  
  28  3:35  SCV  
  29  3:47  SCV  
  28  3:59  SCV  
  28  4:00  Factory Tech Lab  
  28  4:02  Factory  
  25  4:11  SCV  
  23  4:29  Hellion  
  23  4:36  Reaper  
  23  4:44  SCV x2  
  25  4:49  Widow Mine  
  27  4:53  Supply Depot  
  27  4:56  SCV, Supply Depot  
  30  5:00  Hellion  
  29  5:08  SCV  
  29  5:09  Command Center  
  30  5:15  Orbital Command  
  30  5:20  SCV  
  31  5:22  Factory  
  31  5:32  Factory Tech Lab x2  
  31  5:34  SCV  
  32  5:40  SCV  
  33  5:46  SCV  
  34  5:52  Armory, SCV  
  35  5:58  SCV  
  35  6:02  Cyclone  
  39  6:04  SCV  
  39  6:05  Cyclone  
  39  6:11  SCV  
  44  6:14  Supply Depot  
  44  6:16  SCV  
  45  6:21  Orbital Command  
  45  6:41  Orbital Command  
  45  6:43  Cyclone  
  44  7:02  Refinery  
  44  7:05  Refinery  
  43  7:16  SCV x2  
  43  7:17  Cyclone  
  47  7:25  Supply Depot  
  47  7:27  SCV  
  47  7:28  SCV  
  47  7:29  Supply Depot  
  49  7:35  Cyclone  
  52  7:42  Command Center  
  52  7:43  Engineering Bay  
  52  7:47  Factory Tech Lab  
  52  7:48  Terran Vehicle and Ship Weapons Level 1  
  52  7:50  SCV x2  
  54  7:53  Supply Depot  
  54  8:00  Factory  
  54  8:01  SCV, Factory  
  54  8:02  SCV  
  54  8:03  SCV  
  54  8:13  SCV  
  54  8:16  Supply Depot  
  51  8:25  SCV x3  
  40  8:28  Hellion x3  
  42  8:37  SCV x2  
  42  8:40  SCV  
  38  8:48  Factory Reactor  
  34  8:49  Hellion x2, Factory Reactor  
  34  8:55  SCV  
  39  8:56  Drilling Claws  
  39  8:57  Widow Mine  
  35  9:09  Widow Mine  
  33  9:10  Widow Mine  
  33  9:16  Orbital Command  
  36  9:25  Widow Mine x2  
  36  9:26  Widow Mine  
  42  9:33  Widow Mine x2  
  42  9:38  Widow Mine  
  46  9:40  Widow Mine  
  50  9:54  Widow Mine x3  
Show
View Real Time Build Order
Export as new Build Order

Kantuva Zerg - Winner!

Build Orders: Pool First, Zergling Baneling 

Get SALT Encoding   

  12  0:01  Drone  
  13  0:13  Overlord  
  13  0:20  Drone  
  14  0:33  Extractor  
  14  0:35  Drone  
  14  0:41  Spawning Pool  
  13  0:46  Drone  
  14  0:50  Drone  
  15  0:59  Drone  
  15  1:00  Drone  
  17  1:11  Overlord  
  17  1:28  Queen  
  19  1:35  Metabolic Boost  
  19  1:39  Drone  
  20  1:44  Zergling x4  
  22  1:52  Zergling x2  
  23  2:08  Extractor  
  23  2:10  Zergling x2  
  23  2:15  Zergling x2  
  25  2:26  Zergling x2  
  25  2:32  Baneling Nest  
  25  2:34  Overlord  
  24  2:49  Zergling x8  
  25  3:18  Zergling x2  
  25  3:19  Zergling x4  
  25  3:29  Baneling x3  
  25  3:30  Baneling  
  25  3:32  Zergling x8  
  29  3:36  Queen  
  29  3:37  Hatchery  
  29  3:53  Zergling x4  
  27  4:13  Zergling x2  
  27  4:14  Zergling x8  
  29  4:26  Zergling x2  
  27  4:39  Zergling x2  
  28  4:49  Baneling x4  
  28  4:56  Drone x6  
  34  5:06  Drone x2  
  34  5:18  Drone x2  
  36  5:21  Lair  
  36  5:24  Drone x2  
  38  5:39  Roach Warren, Drone  
  38  5:40  Drone  
  39  5:46  Drone x5  
  43  5:59  Extractor  
  43  6:00  Drone  
  43  6:01  Overlord, Extractor x2  
  41  6:05  Overlord  
  41  6:14  Overlord x2  
  42  6:25  Drone x2  
  42  6:26  Drone x3  
  45  6:45  Drone  
  45  6:46  Drone x6  
  50  6:53  Roach x2  
  54  6:55  Glial Reconstitution  
  54  7:00  Roach  
  54  7:16  Roach  
  54  7:17  Roach x2  
  59  7:24  Spawning Pool  
  59  7:28  Zergling x18  
  67  7:42  Overlord  
  67  7:44  Overlord  
  67  7:53  Ravager x3  
  67  7:55  Overlord x3  
  72  7:58  Ravager x2  
  63  8:25  Roach x7  
  71  8:33  Spire  
  65  9:01  Hatchery  
  65  9:02  Extractor  
  63  9:03  Extractor, Zergling x28  
  63  9:05  Queen x2  
  80  9:20  Spine Crawler  
  80  9:21  Spore Crawler  
  78  9:25  Overseer  
  78  9:28  Ravager x3  
  78  9:30  Drone  
  78  9:31  Drone x3  
  85  9:40  Ravager x2  
  85  9:41  Ravager x2, Queen x2  
  93  9:47  Overlord  
Tags
 
Add a new tag
Caveats
  • Supply blocks, unpowered buildings, or Contaminate may cause inaccurate times.
  • Supply counts are checked every 10 seconds.